 Dungeon Crawl Stone Soup version 0.28-a0-305-g9e858e973b (webtiles) character file.

Game seed: 10052659690018698863

2594 dolemite99 the Basher (level 9, -1/63 HPs)
             Began as a Demonspawn Abyssal Knight on Aug 29, 2021.
             Was an Elder of Lugonu.
             Succumbed to a hornet's poison
             ... on level 7 of the Dungeon.
             The game lasted 00:09:51 (8015 turns).

dolemite99 the Basher (Demonspawn Abyssal Knight)   Turns: 8015, Time: 00:09:52

Health: -1/63      AC: 10    Str: 15    XL:     9   Next: 33%
Magic:  10/10      EV:  7    Int: 13    God:    Lugonu [****..]
Gold:   168        SH:  0    Dex: 14    Spells: 8/8 levels left

rFire   + . .      SeeInvis .   g - +3 morningstar (freeze)
rCold   . . .      Faith    .   (no shield)
rNeg    . . .      Spirit   .   A - +0 chain mail
rPois   .          Reflect  .   f - +0 helmet
rElec   .          Harm     .   K - +0 cloak
rCorr   .          Rampage  .   (no gloves)
Will    .....                   (no boots)
Stlth   ..........              t - amulet of regeneration
HPRegen 1.20/turn               o - ring of protection from fire
MPRegen 0.12/turn               (no ring)

@: lethally poisoned (-1 -> -16), slowed, very slow
A: hooves 1, sturdy frame 1, demonic magic 2
a: Renounce Religion, Depart the Abyss, Bend Space, Banish, Corrupt


You were on level 7 of the Dungeon.
You worshipped Lugonu.
Lugonu was greatly pleased with you.
You visited 1 branch of the dungeon, and saw 7 of its levels.
You visited the Abyss 1 time.
You also visited: Sewer.

You collected 226 gold pieces.
You spent 58 gold pieces at shops.

Inventory:

Hand Weapons
 a - a +1 hand axe
 g - a +3 morningstar of freezing (weapon)
 B - a +0 shortbow
Missiles
 e - 258 stones
 n - 159 arrows
Armour
 b - the +2 helmet of the Evening Star {Harm Fly rF+++ Dex-3}
   (You found it on level 5 of the Dungeon)

   Dex:       It affects your dexterity (-3).
   rF:        It renders you almost immune to fire.
   Fly:       It grants you flight.
   Harm:      It increases damage dealt and taken.
 f - a +0 helmet (worn)
 h - a +0 scale mail
 A - a +0 chain mail (worn)
 K - a +0 cloak (worn)
Jewellery
 c - a +6 ring of dexterity
 i - a ring of protection from cold
 o - a ring of protection from fire (left hand)
 t - an amulet of regeneration (around neck)
 J - an amulet of magic regeneration
Wands
 p - a wand of flame (15)
 s - a wand of acid (10)
 y - a wand of paralysis (6)
Scrolls
 d - a scroll of amnesia
 j - 3 scrolls of enchant armour
 q - 4 scrolls of magic mapping
 r - a scroll of identify {@r1}
Potions
 k - 2 potions of attraction
 l - 5 potions of magic
 m - a potion of haste
 u - 2 potions of brilliance {unknown}
 v - 2 potions of mutation {unknown}
 w - 3 potions of might {unknown}
 x - a potion of invisibility {unknown}
 z - a potion of cancellation {unknown}
 F - 2 potions of flight {unknown}
 G - a potion of resistance {unknown}


   Skills:
 - Level 3.0 Fighting
 - Level 2.0(7.6) Axes
 + Level 11.4(11.5) Maces & Flails
 - Level 1.7 Armour
 - Level 0.8 Dodging
 - Level 2.4 Invocations


You had 8 spell levels left.
You didn't know any spells.
Your spell library contained the following spells:

 Spells                   Type           Power      Damage    Failure   Level
 Beastly Appendage        Tmut           0%         N/A       97%         1
 Foxfire                  Conj/Fire      0%         2x1d4     97%         1
 Pain                     Necr           0%         1d4       97%         1
 Wereblood                Tmut           0%         N/A       99%         2
 Dazzling Flash           Conj/Hex       0%         N/A       100%        3
 Spider Form              Tmut/Pois      0%         N/A       100%        3
 Teleport Other           Tloc           0%         N/A       100%        3
 Iskenderun's Mystic Bla  Conj/Tloc      0%         2d3       100%        4
 Fireball                 Conj/Fire      0%         3d3       100%        5
 Starburst                Conj/Fire      0%         6d3       100%        6


Dungeon Overview and Level Annotations

Branches:
Dungeon (7/15)             Temple (0/1) D:6           Sewer (visited)

Altars:
Gozag
Kikubaaqudgha
Ru
Sif Muna
Vehumet
Wu Jian
The Shining One

Shops:
D:3 :=*!


Innate Abilities, Weirdness & Mutations

You have large cloven feet.
Your movements are slightly less encumbered by armour. (ER -2)
Spells you cast may paralyse nearby enemies.


Message History

The hornet stings you but does no damage.
The hornet stings you.
* * * LOW HITPOINT WARNING * * *
You feel as though you will be slow longer.
You feel better.
The hornet stings you but does no damage. x2
You closely miss the hornet. Your kick misses the hornet.
The hornet is heavily wounded.
The hornet barely misses you. x2
Press: ? - help, Shift-Dir - straight line, f - hornet
Aim: a hornet (heavily wounded, chance to affect: 74%)
You fail to use your ability.
The hornet stings you but does no damage. x2
You closely miss the hornet. Your kick misses the hornet.
The hornet is heavily wounded.
The hornet stings you.
You are poisoned.
You feel as though you will be slow longer.
The hornet barely misses you.
The hornet stings you but does no damage.
You hit the hornet. You freeze the hornet.
The hornet is severely wounded.
You feel very sick. The hornet stings you.
* * * LOW HITPOINT WARNING * * *
You are more poisoned.
You feel as though you will be slow longer.
The hornet stings you but does no damage.
You closely miss the hornet. You kick the hornet.
The hornet is severely wounded.
* * * LOW HITPOINT WARNING * * *
You feel extremely sick. The hornet stings you!
* * * LOW HITPOINT WARNING * * *
You are more poisoned.
You feel as though you will be slow longer.
The hornet barely misses you.
You barely miss the hornet.
The hornet is severely wounded.
You die...

#####.## #####.#
#...#.########
#..........#..
...........#.#
......####.#.#
.....†####.#.#####
#.....†..........#
#..........#.###@###.#
###....###.#....y....#
#.#.####.#####)#####
#........# #.#
###.###### #.# #+# ...
#.# #.. .#


You could see a hornet.

Vanquished Creatures
  Joseph (D:7)
  Sigmund (D:2)
  A steam dragon (D:6)
  Menkaure (D:7)
  A water moccasin (D:7)
  A sky beast (D:7)
  An ogre (D:6)
  3 centaurs
  2 phantoms
  3 kobold brigands
  2 scorpions
  A water moccasin skeleton (D:6)
  A howler monkey (D:6)
  A bullfrog zombie (D:5)
  A jelly (D:6)
  2 orc priests
  A bullfrog skeleton (D:6)
  3 iguanas
  10 orc wizards
  A hound skeleton (D:4)
  10 adders
  5 river rats (Sewer)
  2 white imps
  An ufetubus (D:5)
  4 worms
  21 orcs
  5 bats
  7 endoplasms
  2 giant cockroaches
  10 goblins
  8 hobgoblins
  A quokka (D:3)
  11 ball pythons
  5 frilled lizards
  29 kobolds
  25 rats
184 creatures vanquished.

Notes
Turn   | Place    | Note
-------+----------+-------------------------------------------
     0 | Abyss:1  | dolemite99 the Demonspawn Abyssal Knight began the quest
                  | for the Orb.
     0 | Abyss:1  | Reached XP level 1. HP: 18/18 MP: 2/2
    45 | Abyss:1  | Noticed a small abomination
    48 | D:1      | Escaped the Abyss
   145 | D:1      | Reached * piety under Lugonu
   265 | D:1      | Reached skill level 1 in Maces & Flails
   289 | D:1      | Gained mutation: Spells you cast may paralyse adjacent
                  | enemies. [demonic ancestry]
   289 | D:1      | Reached XP level 2. HP: 19/24 MP: 3/3
   616 | D:1      | Reached skill level 2 in Maces & Flails
   869 | D:2      | Reached XP level 3. HP: 23/29 MP: 4/4
  1122 | D:2      | Noticed Sigmund
  1132 | D:2      | Killed Sigmund
  1133 | D:2      | Reached skill level 4 in Maces & Flails
  1133 | D:2      | Reached XP level 4. HP: 27/35 MP: 5/5
  1133 | D:2      | Reached XP level 5. HP: 31/41 MP: 6/6
  1397 | D:2      | Identified a scroll of acquirement
  1397 | D:2      | Acquired a ring of protection from fire
  1662 | D:2      | Reached ** piety under Lugonu
  1663 | D:2      | Reached skill level 5 in Maces & Flails
  1935 | D:3      | Found Juub's Book Shop.
  2006 | D:3      | Found Hokkit's Distillery.
  2013 | D:3      | Bought a potion of curing for 36 gold pieces
  2032 | D:3      | Found Fuwuriuk's Jewellery Shop.
  2081 | D:3      | Found Ompoor's General Store.
  2087 | D:3      | Bought a scroll of identify for 22 gold pieces
  2375 | D:3      | Got Patogh's Handbook of the Spatial Blaze
  2795 | D:3      | Reached XP level 6. HP: 25/47 MP: 7/7
  3216 | D:3      | Reached skill level 6 in Maces & Flails
  3771 | D:4      | Found an ornate altar of the Wu Jian Council.
  3812 | D:4      | Gained mutation: Your movements are slightly less
                  | encumbered by armour. (ER -2) [demonic ancestry]
  3812 | D:4      | Reached XP level 7. HP: 41/52 MP: 8/8
  3947 | D:4      | Reached *** piety under Lugonu
  4357 | D:4      | Reached skill level 7 in Maces & Flails
  4363 | D:4      | Found a glowing drain.
  4372 | Sewer    | Entered a sewer
  5634 | D:5      | Entered Level 5 of the Dungeon
  5660 | D:5      | Reached **** piety under Lugonu
  5675 | D:5      | Found a faded altar of an unknown god.
  5738 | D:5      | Reached skill level 8 in Maces & Flails
  5770 | D:5      | Identified the +2 helmet of the Evening Star {Harm Fly
                  | rF+++ Dex-3}
  5975 | D:5      | Gained mutation: Spells you cast may paralyse nearby
                  | enemies. [demonic ancestry]
  5975 | D:5      | Reached XP level 8. HP: 57/58 MP: 9/9
  6181 | D:5      | Found a sacrificial altar of Ru.
  6183 | D:5      | Found an opulent altar of Gozag.
  6185 | D:5      | Found a faded altar of an unknown god.
  6451 | D:6      | Reached skill level 9 in Maces & Flails
  6755 | D:6      | Found a staircase to the Ecumenical Temple.
  6855 | D:6      | Reached skill level 10 in Maces & Flails
  7170 | D:6      | Found an ancient bone altar of Kikubaaqudgha.
  7178 | D:6      | Got Kikubaaqudgha's Compendium of Dark Rituals
  7183 | D:6      | Found a shimmering blue altar of Sif Muna.
  7193 | D:6      | Found a radiant altar of Vehumet.
  7564 | D:7      | Noticed Joseph
  7580 | D:7      | Killed Joseph
  7581 | D:7      | Gained mutation: You have large cloven feet. [demonic
                  | ancestry]
  7581 | D:7      | Reached XP level 9. HP: 17/63 MP: 10/10
  7589 | D:7      | Reached skill level 11 in Maces & Flails
  7891 | D:7      | Noticed Menkaure
  7892 | D:7      | Noticed a cyclops
  7896 | D:7      | Killed Menkaure
  8015 | D:7      | Succumbed to a hornet's poison

Illustrated notes

Levels and vault maps discovered:
D:1:      eino_arrival_water_star, layout_rooms
D:2:      layout_loops_ring, chequers_decorated_corner, uniq_sigmund
D:3:      cheibrodos_thug_alley, layout_basic, serial_shops,
          nicolae_square_shop, shop, nicolae_shop_stone, nicolae_diamond_shop
D:4:      layout_loops_ring, nzn_wu_jian_contemplation, portal_sewer_entry_d
D:5:      layout_basic, chequers_temple_overflow_minitemple
D:6:      layout_loops_ring, palyth_temple_overflow_mages,
          minmay_temple_entry_antechambers
D:7:      layout_loops_corners, fedhas_altar_2, lightli_corner_chamber,
          uniq_crazy_yiuf_cottage, uniq_menkaure, uniq_joseph

Skill      XL: |  1  2  3  4  5  6  7  8  9 |
---------------+----------------------------+-----
Axes           | 2 |  2.0
Maces & Flails | 1 2 4 5 6 8 10 11 | 11.4
Fighting       | |  3.0
Armour         | |  1.7
Dodging        | |  0.8
Invocations    | |  2.4

Action                   |  1- 3 |  4- 6 |  7- 9 || total
-------------------------+-------+-------+-------++-------
Melee: Morningstar       |    95 |   146 |   402 ||   643
       Hand axe          |     1 |       |       ||     1
       Kick              |       |       |     8 ||     8
Invok: Depart the Abyss  |     1 |       |       ||     1
  Use: Scroll            |       |     5 |    11 ||    16
       Potion            |       |     4 |     3 ||     7
Armor: Scale mail        |    59 |    90 |   111 ||   260
       Leather armour    |     4 |       |       ||     4
       Chain mail        |       |       |   167 ||   167
Dodge: Dodged            |    67 |    68 |   167 ||   302

Table legend: (Time is in decaauts)
 A = Elapsed time spent in this place.
 B = Non-inter-level travel time spent in this place.
 C = Inter-level travel time spent in this place.
 D = Time resting spent in this place.
 E = Time spent auto-exploring this place.
 F = Levels seen in this place.
 G = Mean time per level.
                   A        B        C        D        E       F      G
               +--------+--------+--------+--------+--------+-----+--------+
         Total |   8130 |   7977 |    153 |   2032 |   4134 |   9 |  903.3 |
       Dungeon |   7027 |   6874 |    153 |   1645 |   3755 |   7 | 1003.9 |
         Abyss |     48 |     48 |      0 |      0 |     42 |   1 |   48.0 |
         Sewer |   1054 |   1054 |      0 |    387 |    337 |   1 | 1054.0 |
               +--------+--------+--------+--------+--------+-----+--------+

Top non-repeatable levels by time:
     D:3: 1843 daAuts
     D:6: 1344 daAuts
     D:2: 1208 daAuts
   Sewer: 1054 daAuts
     D:4: 893 daAuts
     D:5: 734 daAuts
     D:1: 701 daAuts
     D:7: 301 daAuts
 Abyss:1: 48 daAuts
